 Dungeon Crawl Stone Soup version 0.31-a0-986-g5e6e4ef867 (webtiles) character file.

Game seed: 13793169164894459488

431 Xavori the Trooper (level 7, -5/52 HPs)
             Began as a Djinni Chaos Knight on Nov 8, 2023.
             Was a Plaything of Xom.
             Slain by a white imp (6 damage)
             ... summoned by Eustachio
             ... on level 3 of the Dungeon.
             The game lasted 00:03:06 (10751 turns).

Xavori the Trooper (Djinni Chaos Knight)           Turns: 10751, Time: 00:03:07

Health: -5/52      AC:  6    Str: 11    XL:     7   Next: 19%
Gold:   120        EV: 14    Int: 13    God:    Xom [...*..] SH:  0 Dex: 21

rFire   + + .        a - +1 falchion (chaos)
rCold   x . .        (no shield)
rNeg    . . .        b - +2 leather armour
rPois   ∞            (no helmet)
rElec   .            (no cloak)
rCorr   .            d - +0 pair of gloves
SInv    .            (boots unavailable)
Will    .....        (no amulet)
Stlth   ++           g - +6 ring of dexterity
HPRegen 0.28/turn    (no ring)
MPRegen 0.00/turn

%: infuse magic (-6 HP)
@: about to teleport, flying
A: sickness immunity, fire resistance 2, cold vulnerability 1, float, innate
caster, HP casting, extra vitality 1
a: Renounce Religion


You were on level 3 of the Dungeon.
You worshipped Xom.
You were a favourite toy of Xom.
You visited 1 branch of the dungeon, and saw 4 of its levels.

You collected 120 gold pieces.

Inventory:

Hand Weapons
 a - a +1 falchion of chaos (weapon)
Armour
 b - a +2 leather armour (worn)
 d - a +0 pair of gloves (worn)
Jewellery
 g - a +6 ring of dexterity (left hand)
 h - a +6 ring of dexterity
 k - a ring of ice
Scrolls
 c - a scroll of butterflies
 f - a scroll of enchant armour
 i - 2 scrolls of identify
 j - a scroll of teleportation
Potions
 e - a potion of curing


   Skills:
 + Level 4.1 Fighting
 + Level 3.8 Long Blades
 + Level 2.9 Armour
 + Level 3.8 Dodging
 * Level 2.4 Spellcasting
 * Level 2.4 Conjurations
 * Level 2.4 Hexes
   Level 0.0 Charms
 * Level 2.4 Summonings
 * Level 2.4 Necromancy
 * Level 2.4 Translocations
 * Level 2.4 Transmutations
 * Level 2.4 Fire Magic
 * Level 2.4 Ice Magic
 * Level 2.4 Air Magic
 * Level 2.4 Earth Magic
 * Level 2.4 Poison Magic


You knew the following spells:

 Your Spells              Type           Power      Damage    Failure   Level
a - Magic Dart            Conj           28%        1d4       12%         1
b - Call Imp              Summ           14%        N/A       17%         2
c - Ignite Poison         Fire/Tmut/Pois 7%         N/A       34%         3
Your spell library was empty.

Dungeon Overview and Level Annotations

Branches:
Dungeon (4/15)
 Temple: D:4-7

Altars:

Shops:
D:3 (

Annotations:
D:3 Eustachio


Innate Abilities, Weirdness & Mutations

You are immune to sickness and miasma.
You are immune to poison.
Your flesh is very heat resistant. (rF++)
You are vulnerable to cold. (rC-)
You float through the air rather than walking.
You learn spells naturally, not from books.
Your magical power is your life essence.
You have superior vitality. (+4 MHP)


Message History

Eustachio casts a spell.
You slash the bat! You freeze the bat.
You kill the bat!
The bat's corpse disappears in a puff of smoke!
The river rat bites you.
* * * LOW HITPOINT WARNING * * *
You hit the orc.
The orc is severely wounded.
The river rat closely misses you. The orc closely misses you.
As you read the scroll labelled MUKOSCH TEDA, it crumbles to dust.
It is a scroll of amnesia.
You feel forgetful for a moment. The river rat misses you.
Eustachio mumbles some strange words.
The orc hits you with a +0 flail.
* * * LOW HITPOINT WARNING * * *
Okay, then.
Unknown command.
As you read the scroll of teleportation, it crumbles to dust.
You feel strangely unstable. The river rat bites you.
* * * LOW HITPOINT WARNING * * *
The orc barely misses you.
Unknown command.
You hit the orc. You freeze the orc.
You kill the orc!
The river rat misses you. The white imp gestures at you.
The puff of frost misses you.
The puff of frost hits the river rat!
Unknown command.
You hit the river rat. You freeze the river rat.
The river rat is almost dead.
The river rat bites you.
* * * LOW HITPOINT WARNING * * *
You slash the river rat!
You kill the river rat!
The river rat's corpse disappears in a puff of smoke!
The white imp hits you.
* * * LOW HITPOINT WARNING * * *
The white imp freezes you.
You feel a terrible chill!
You die...
Xom cackles wildly!

.#.#.#..#.##.#.# ##.).§.##
##.#.#..#.##.#.# #..≈§§..#
.#.#.#..#.##.#.# ###.≈≈≈§§.#
.#.#.#..#.##.#.# #...≈≈§≈≈∩#
.#.#.#..#....#.# #.#.≈≈§§≈.#
.#.#.#.......#.# #.#..≈≈≈..#
.#.#.##........# #.##.....##
...#.#######.#####.##########
...#.# #.#.5@r@# #...#.#
..##.# #.#.##### #.#.#.###
..##.# #.#.>)# #.#.....#
####.# #.###†# #.###.#.#
...#.# #.#...# #.....#.#
...#.# #.#.##############.##
...#.# #..........(........#
...#.# ###.########....#####
...#.# #.#.....).8.8.8#


You could see Eustachio, a white imp (summoned) and a quokka (summoned).

Vanquished Creatures
  Sigmund (D:4)
  A scorpion (D:4)
  A jelly (D:4)
  An iguana (D:3)
  A hound zombie (D:4)
  6 adders
  A river rat (D:3)
  A dart slug (D:1)
  2 orcs (D:3)
  7 bats
  7 endoplasms
  A giant cockroach (D:2)
  2 hobgoblins
  4 jackals (D:2)
  3 quokkas
  9 ball pythons
  3 frilled lizards
  10 goblins
  3 kobolds
  12 rats
76 creatures vanquished.

Vanquished Creatures (collateral kills)
  An orc (D:4)
  A ball python (D:4)
  2 rats (D:3)
4 creatures vanquished.

Grand Total: 80 creatures vanquished

Notes
Turn   | Place    | Note
-------+----------+-------------------------------------------
     0 | D:1      | Xavori the Djinni Chaos Knight began the quest for the Orb.
     0 | D:1      | Reached XP level 1. HP: 20/20 MP: 0/0
    73 | D:1      | Reached XP level 2. HP: 25/25 MP: 0/0
   211 | D:1      | XOM: cloud trail
   338 | D:1      | Reached XP level 3. HP: 23/30 MP: 0/0
   338 | D:1      | Learned a level 1 spell: Magic Dart
   398 | D:1      | XOM: noise
   544 | D:1      | XOM: silly message
   852 | D:1      | XOM: divination: magic mapping
  1622 | D:1      | XOM: silly message
  1643 | D:1      | XOM: noise
  2817 | D:1      | XOM: noise
  3069 | D:1      | XOM: silly message
  3095 | D:1      | XOM: silly message
  3202 | D:1      | XOM: divination: magic mapping
  3679 | D:1      | XOM: silly message
  4676 | D:1      | XOM is BORED!
  4933 | D:1      | XOM: cloud trail
  6063 | D:1      | XOM: noise
  6215 | D:1      | XOM is BORED!
  6503 | D:1      | XOM: god gift: 5 stones
  6531 | D:1      | XOM: god gift: 7 stones
  6592 | D:1      | XOM: divination: detect items
  6935 | D:1      | XOM: god gift: dagger {god gift}
  8028 | D:1      | XOM: god gift: scroll labelled MATICW VISA {god gift}
  8767 | D:2      | Reached skill level 1 in Spellcasting
  8767 | D:2      | Reached skill level 1 in Conjurations
  8767 | D:2      | Reached skill level 1 in Hexes
  8767 | D:2      | Reached skill level 1 in Summonings
  8767 | D:2      | Reached skill level 1 in Necromancy
  8767 | D:2      | Reached skill level 1 in Translocations
  8767 | D:2      | Reached skill level 1 in Transmutations
  8767 | D:2      | Reached skill level 1 in Fire Magic
  8767 | D:2      | Reached skill level 1 in Ice Magic
  8767 | D:2      | Reached skill level 1 in Air Magic
  8767 | D:2      | Reached skill level 1 in Earth Magic
  8767 | D:2      | Reached skill level 1 in Poison Magic
  8867 | D:2      | Reached XP level 4. HP: 33/35 MP: 0/0
  9561 | D:3      | Reached XP level 5. HP: 6/40 MP: 0/0
  9561 | D:3      | Learned a level 2 spell: Call Imp
  9780 | D:3      | Found a faded altar of an unknown god.
  9811 | D:3      | XOM: polymorph hobgoblin -> river rat
  9878 | D:3      | Found Deej's Antique Weapon Shop.
  9888 | D:3      | XOM: 2-stop teleportation journey
 10031 | D:3      | XOM: stat loss: -1 Dex (20/21)
 10273 | D:3      | XOM: silly message
 10325 | D:3      | XOM: draining
 10433 | D:4      | Noticed Sigmund
 10444 | D:4      | Killed Sigmund
 10445 | D:4      | Reached skill level 4 in Fighting
 10445 | D:4      | Reached XP level 6. HP: 21/47 MP: 0/0
 10555 | D:3      | XOM: silly message
 10560 | D:4      | XOM: cloud trail
 10580 | D:4      | Reached XP level 7. HP: 48/52 MP: 0/0
 10580 | D:4      | Learned a level 3 spell: Ignite Poison
 10587 | D:4      | XOM: silly message
 10611 | D:4      | Noticed Eustachio
 10626 | D:4      | XOM: divination: magic mapping
 10729 | D:4      | XOM: butterfly on damage
 10750 | D:3      | HP: 2/52 [river rat[Eustachio] (5)]
 10751 | D:3      | Slain by a white imp

Illustrated notes

Levels and vault maps discovered:
D:1:      dpeg_arrival_leaves_temple_mockup, layout_basic,
          minmay_misc_feat_four_crosses, item_on_display_a
D:2:      layout_basic
D:3:      layout_basic, serial_shops, nicolae_lakefront_shop,
          ebering_ecumenical_altar_ruins
D:4:      layout_rooms, serial_undead, serial_undead_f, serial_undead_d,
          serial_undead_f, serial_undead_c, uniq_crazy_yiuf_cottage,
          uniq_eustachio, uniq_sigmund

Skill      XL: |  1  2  3  4  5 |
---------------+----------------+-----
Long Blades    | 3 |  3.8
Spellcasting   | 1 2 |  2.4
Conjurations   | 1 2 |  2.4
Hexes          | 1 2 |  2.4
Summonings     | 1 2 |  2.4
Necromancy     | 1 2 |  2.4
Translocations | 1 2 |  2.4
Transmutations | 1 2 |  2.4
Fire Magic     | 1 2 |  2.4
Ice Magic      | 1 2 |  2.4
Air Magic      | 1 2 |  2.4
Earth Magic    | 1 2 |  2.4
Poison Magic   | 1 2 |  2.4
Armour         | 2 |  2.9
Dodging        | 3 |  3.8
Fighting       | 4 |  4.1

Action                     |  1- 3 |  4- 6 |  7- 9 || total
---------------------------+-------+-------+-------++-------
  Melee: Falchion          |    80 |   111 |    25 ||   216
         Punch             |       |     1 |     1 ||     2
   Cast: Call Imp          |       |     3 |     1 ||     4
         Magic Dart        |       |     1 |       ||     1
    Use: Scroll            |     1 |     2 |     2 ||     5
         Potion            |       |       |     1 ||     1
   Stab: Paralysed         |     1 |       |       ||     1
         Sleeping          |     1 |     6 |       ||     7
 Armour: Leather armour    |    57 |    59 |    20 ||   136
  Dodge: Dodged            |    67 |    80 |    33 ||   180

Table legend: (Time is in decaauts)
 A = Elapsed time spent in this place.
 B = Non-inter-level travel time spent in this place.
 C = Inter-level travel time spent in this place.
 D = Time resting spent in this place.
 E = Time spent auto-exploring this place.
 F = Levels seen in this place.
 G = Mean time per level.
                   A        B        C        D        E       F      G
               +--------+--------+--------+--------+--------+-----+--------+
         Total |  10786 |  10725 |     61 |   8253 |   1909 |   4 | 2696.5 |
       Dungeon |  10786 |  10725 |     61 |   8253 |   1909 |   4 | 2696.5 |
               +--------+--------+--------+--------+--------+-----+--------+

Top non-repeatable levels by time:
     D:1: 8636 daAuts
     D:3: 1146 daAuts
     D:2: 899 daAuts
     D:4: 104 daAuts
